AoeStats
← Alaz

Arabia

510839020Analyzed
2v2 RM · 10h ago on Oct 2, 2026· 31m 23s· 4 players
Game mode
Random Map
Map size
Medium (4 player)
Population
200
Speed
Normal
Resources
Standard
Victory
Conquest
Starting age
Dark Age
Ending age
Imperial Age
RankedLock teamsTeams togetherTeam positionsShared explorationLock speedFull tech treeHidden civsTurbo modeCheats
Victory
Defeat
🇩🇪 Spanish · Germany
758
+15
🇩🇪 Burgundians · Germany
698
+17
🇹🇷 Tatars · Türkiye
776
-18
🇫🇷 Georgians · France
690
-14
Cyto
11:17 Feudal Age
9:55 Double-Bit Axe
12:20 Wheelbarrow
14:23 Loom
17:54 Castle Age
20:45 Bow Saw
22:39 Gold Mining
29:38 Scale Barding Armor
29:45 Forging
magge
11:24 Feudal Age
15:42 Castle Age
18:41 Double-Bit Axe
27:50 Horse Collar
30:29 Wheelbarrow
Xav314
0:34 Loom
13:09 Feudal Age
17:54 Castle Age
19:43 Double-Bit Axe
26:07 Husbandry
27:37 Bow Saw
29:55 Forging
29:51 Scale Barding Armor
Alaz
10:13 Feudal Age
10:40 Double-Bit Axe
14:50 Horse Collar
18:52 Castle Age
19:29 Fletching
19:39 Padded Archer Armor
20:23 Bodkin Arrow
20:59 Stone Mining
21:23 Heavy Plow
28:15 Gold Mining
Connection lost

Rejoining the realm…

Still unreachable

The connection could not be restored.

Session expired

The server has moved on; the page needs a fresh start.